 Dungeon Crawl Stone Soup version 0.22-a0-135-g6f012ad (webtiles) character file.

543 mortelune the Chiller (level 7, -4/47 HPs)
             Began as a Demonspawn Ice Elementalist on Feb 2, 2018.
             Slain by a two-headed ogre
             ... wielding a +0 giant club
              (7 damage)
             ... on level 3 of the Dungeon.
             The game lasted 00:12:50 (6910 turns).

mortelune the Chiller (Demonspawn Ice Elementalist) Turns: 6910, Time: 00:12:50

Health: -4/47      AC: 10    Str:  8    XL:     7   Next: 6%
Magic:  0/12       EV: 12    Int: 19    God:
Gold:   134        SH:  0    Dex: 13    Spells: 3/13 levels left

rFire    . . .     SeeInvis .   j - +1 whip (elec)
rCold    . . .     Gourm    .   (no shield)
rNeg     . . .     Faith    .   a - +0 robe
rPois    .         Spirit   +   (helmet restricted)
rElec    .         Reflect  .   h - +0 cloak
rCorr    .         Harm     .   (no gloves)
MR       .....                  (no boots)
Stlth    ++........             (no amulet)
HPRegen  0.15/turn              (no ring)
MPRegen  0.26/turn              (no ring)

@: icy armour, about to teleport, slow
A: horns 1, rugged brown scales 1, magic shield, magic regeneration
a: no special abilities


You were on level 3 of the Dungeon.
You were near starving.

You visited 1 branch of the dungeon, and saw 4 of its levels.

You collected 134 gold pieces.

Inventory:

Hand Weapons
 j - a +1 whip of electrocution (weapon)
Armour
 a - a +0 robe (worn)
 h - a +0 cloak (worn)
Jewellery
 n - an uncursed amulet of rage {unknown}
 q - an uncursed ring of magical power {unknown}
Wands
 l - a wand of digging (10)
Scrolls
 g - 2 scrolls of identify
 k - 2 scrolls of remove curse {unknown}
 o - 2 scrolls of enchant armour {unknown}
Potions
 c - a potion of invisibility
 d - a potion of agility {unknown}
 e - a potion of ambrosia {unknown}
 i - a potion of curing {unknown}
 m - a potion of heal wounds {unknown}
 p - a potion of cancellation {unknown}
Books
 b - a book of Frost

   Spells                             Type                      Level
   a - Freeze                         Ice                          1
   b - Throw Frost                    Conjuration/Ice              2
   c - Ozocubu's Armour               Charms/Ice                   3
   d - Throw Icicle                   Conjuration/Ice              4
   e - Summon Ice Beast               Ice/Summoning                4


   Skills:
 - Level 1.7 Dodging
 - Level 1.7 Stealth
 + Level 3.9 Spellcasting
 + Level 4.2 Conjurations
 * Level 5.2 Ice Magic


You had 3 spell levels left.
You knew the following spells:

 Your Spells              Type           Power        Failure   Level  Hunger
a - Freeze                Ice            ###.         1%          1    None
b - Throw Frost           Conj/Ice       ###...       3%          2    ##.....
c - Ozocubu's Armour      Chrm/Ice       ##......     14%         3    ###....
d - Throw Icicle          Conj/Ice       ###.....     21%         4    ####...


Dungeon Overview and Level Annotations

Branches:
Dungeon (4/15)
 Temple: D:4-7

Altars:
Ru
Wu Jian
Xom


Innate Abilities, Weirdness & Mutations

You have a pair of small horns on your head.
You are partially covered in rugged brown scales. (AC +1, +3% HP)
When hurt, damage is shared between your health and your magic reserves.
You regenerate magic rapidly.


Message History

You freeze the two-headed ogre.
The two-headed ogre is lightly wounded.
The two-headed ogre misses you.
The two-headed ogre hits you with a giant club!
There is a stone staircase leading up here.
The two-headed ogre misses you.
The two-headed ogre hits you with a giant club!
* * * LOW HITPOINT WARNING * * *
You climb upwards.
There is a stone staircase leading down here.
The two-headed ogre barely misses you.
The two-headed ogre hits you with a giant club.
* * * LOW HITPOINT WARNING * * *
As you read the scroll labeled RYMU NOITHA, it crumbles to dust.
It is a scroll of identify.
f - a scroll of teleportation
As you read the scroll of teleportation, it crumbles to dust.
You feel strangely unstable. The two-headed ogre barely misses you.
The two-headed ogre hits you with a giant club!
You die...

..# #.###.# #.##.##.# #.# #..#..#
#.##.##.# ..# #.....# #.##.##.#
#.# ###.### #.##.##.# #.# #.#
#.......# ..#####.# ####.####
##......# #.################
##.###..# #O...........##...
#.......# #@.###.#.###.##.##
.....##.########..##..#.###.##.##
#..#.##.##......).#.......#.##.#.
#..#.......######.##..#.#........
#.......#### #.##..#...#.##.##
#.#####.## #....(......##.<.
#........# #.......#########
######...# #.##.##.# #
#...########.#..##.#


You could see a two-headed ogre.

Vanquished Creatures
  The ghost of mortelune the Skirmisher, an amateur DsWn (D:3)
  An ogre (D:4)
  A scorpion (D:3)
  A centaur zombie (D:3)
  2 orc priests (D:4)
  A centaur skeleton (D:4)
  An orc wizard (D:4)
  Terence (D:2)
  A worker ant (D:4)
  6 adders (D:2)
  An ooze (D:3)
  7 orcs
  7 bats
  9 giant cockroaches
  11 goblins
  7 hobgoblins
  2 jackals (D:2)
  2 ball pythons
  A frilled lizard (D:1)
  10 kobolds
  6 rats
79 creatures vanquished.

Vanquished Creatures (others)
  4 toadstools (D:1)
4 creatures vanquished.

Grand Total: 83 creatures vanquished

Notes
Turn   | Place    | Note
-------+----------+-------------------------------------------
     0 | D:1      | mortelune the Demonspawn Ice Elementalist began the quest for the Orb.
     0 | D:1      | Reached XP level 1. HP: 13/13 MP: 3/3
   352 | D:1      | Reached skill level 3 in Ice Magic
   514 | D:1      | Gained mutation: When hurt, damage is shared between your health and your magic reserves. [demonic ancestry]
   514 | D:1      | Reached XP level 2. HP: 15/19 MP: 0/5
   944 | D:1      | Learned a level 2 spell: Throw Frost
  2201 | D:2      | Reached XP level 3. HP: 24/24 MP: 0/6
  2408 | D:2      | Noticed Terence
  2413 | D:2      | Killed Terence
  2413 | D:2      | Gained mutation: You regenerate magic rapidly. [demonic ancestry]
  2413 | D:2      | Reached XP level 4. HP: 25/30 MP: 0/8
  2635 | D:2      | Found an ornate altar of the Wu Jian Council.
  2670 | D:2      | Learned a level 3 spell: Ozocubu's Armour
  3340 | D:2      | Found a sacrificial altar of Ru.
  3907 | D:3      | Found a shimmering altar of Xom.
  3947 | D:3      | Gained mutation: You are partially covered in rugged brown scales. (AC +1, +3% HP) [demonic ancestry]
  3947 | D:3      | Reached XP level 5. HP: 30/36 MP: 6/9
  4210 | D:3      | Noticed mortelune's ghost (amateur DsWn)
  4895 | D:3      | Reached skill level 4 in Ice Magic
  5323 | D:3      | Learned a level 4 spell: Throw Icicle
  5457 | D:4      | Noticed an ogre
  5462 | D:4      | Killed an ogre
  5462 | D:4      | Reached XP level 6. HP: 24/42 MP: 1/11
  5599 | D:4      | Noticed a two-headed ogre
  6149 | D:4      | Reached skill level 5 in Ice Magic
  6822 | D:3      | Killed mortelune's ghost
  6822 | D:3      | Gained mutation: You have a pair of small horns on your head. [demonic ancestry]
  6822 | D:3      | Reached XP level 7. HP: 39/47 MP: 1/12
  6910 | D:3      | Slain by a two-headed ogre

Vault maps used:
D:1:      ldierk_water_garden, kennysheep_nondescript
D:2:      lemuel_round_altar, nicolae_overflow_crystal_walls, first_ration,
          minmay_box_of_dots, uniq_terence
D:3:      lemuel_crystal_altar
D:4:      nicolae_overflow_hidden_temple, kennysheep_little_box

Skill      XL: |  1  2  3  4  5  6 |
---------------+-------------------+-----
Ice Magic      | 3 4 5 |  5.2
Conjurations   | 2 3 4 |  4.2
Spellcasting   | 3 |  3.9
Dodging        | |  1.7
Stealth        | |  1.7

Action                   |  1- 3 |  4- 6 |  7- 9 || total
-------------------------+-------+-------+-------++-------
Melee: Unarmed           |     2 |       |       ||     2
       Whip              |     6 |    34 |       ||    40
 Cast: Freeze            |    29 |    89 |     1 ||   119
       Throw Frost       |    16 |    43 |     3 ||    62
       Throw Icicle      |       |     4 |       ||     4
       Ozocubu's Armour  |       |     1 |     1 ||     2
  Use: Scroll            |       |       |     2 ||     2
  Eat: Chunk             |     3 |     8 |       ||    11
       Ration            |     1 |     2 |       ||     3
Armor: Robe              |    15 |    23 |       ||    38
Dodge: Dodged            |    43 |    68 |     5 ||   116

Table legend:
 A = Spawn XP
 B = Non-spawn XP
 C = Spawn XP percentage of total XP
 D = Spawn monster count
 E = Non-spawn monster count
 F = Spawn count percentage of total count
 G = Total turns spent on level
                    A         B        C        D         E        F      G
               +---------+---------+-------+---------+---------+-------+---------
         Total |       0 |     777 |   0.0 |       0 |      79 |   0.0 |  6910
               +---------+---------+-------+---------+---------+-------+---------
           D:1 |       0 |      33 |   0.0 |       0 |      23 |   0.0 |  2038
           D:2 |       0 |     150 |   0.0 |       0 |      27 |   0.0 |  2122
           D:3 |       0 |     274 |   0.0 |       0 |      21 |   0.0 |  2048
           D:4 |       0 |     320 |   0.0 |       0 |       8 |   0.0 |   702
               +---------+---------+-------+---------+---------+-------+---------
